AoeStats
← ersoy_f

Arabian Desert

510559309Analyzed
1v1 RM · 2d ago on Oct 1, 2026· 39m 4s· 2 players
Game mode
Random Map
Map size
Tiny (2 player)
Population
200
Speed
Normal
Resources
Standard
Victory
Conquest
Starting age
Dark Age
Ending age
Imperial Age
RankedLock teamsTeams togetherTeam positionsShared explorationLock speedFull tech treeHidden civsTurbo modeCheats
Victory
Defeat
🇹🇷 Romans · Türkiye
767
+16
🇲🇽 Sicilians · Mexico
773
-16
ersoy_f
10:49 Feudal Age
11:33 Man-at-Arms
12:11 Double-Bit Axe
13:46 Horse Collar
15:04 Scale Mail Armor
19:25 Forging
26:27 Castle Age
24:59 Gold Mining
25:58 Padded Archer Armor
25:49 Fletching
27:32 Squires
26:53 Long Swordsman
27:50 Chain Mail Armor
28:11 Iron Casting
38:14 Bow Saw
38:08 Heavy Plow
polovermont4898
0:33 Loom
14:16 Feudal Age
14:44 Horse Collar
14:53 Double-Bit Axe
16:14 Arson
17:18 Scale Mail Armor
18:51 Forging
19:22 Fletching
20:37 Wheelbarrow
20:48 Stone Mining
33:02 Castle Age
34:28 Squires
34:27 Murder Holes
38:14 Bodkin Arrow
Connection lost

Rejoining the realm…

Still unreachable

The connection could not be restored.

Session expired

The server has moved on; the page needs a fresh start.